 Dungeon Crawl Stone Soup version 0.31-a0-917-ga885b83477 (webtiles) character file.

Game seed: 10061935281033510922

2733765 RepoMan the Heavyweight Champion (level 27, 510/510 HPs)
             Began as a Troll Fighter on Oct 15, 2023.
             Was a High Priest of Wu Jian.
             Escaped with the Orb
             ... and 4 runes on Oct 17, 2023!
             The game lasted 07:22:51 (55493 turns).

RepoMan the Heavyweight Champion (Troll Fighter)   Turns: 55493, Time: 07:22:51

Health: 510/510    AC: 38    Str: 31 (32) XL:     27
Magic:  27/29      EV:  7    Int: 22      God:    Wu Jian [*****.]
Gold:   5233       SH: 27    Dex: 15      Spells: 28/35 levels left

rFire   + +          .
                       - Unarmed
rCold   + + +        N - +7 tower shield
rNeg    . . .        W - +12 gold dragon scales
rPois   +            s - +1 hat of the Doldrums {rF+ Int+4}
rElec   .            d - +2 cloak {rC+}
rCorr   .            (gloves unavailable)
SInv    +            (boots unavailable)
Will    +++++        j - amulet "Hadou" {Fly Will+ Regen+} Stlth
                     b - ring of Zafaqi {+Blink Will++ Dex+6 Slay-5 SInv}
HPRegen 2.65/turn    f - ring "Toekeac" {rC+ Int+4}
MPRegen 0.21/turn

%: no passive effects
@: berserking, enlightened, flying, studying 2 skills, invisible, very quick
A: large, unfitting armour, claws 3, regeneration 1, shaggy fur 1, tough skin 1,
iridescent scales 1, robust 2
0: Orb of Zot
}: 4/15 runes: decaying, slimy, silver, gossamer
a: Renounce Religion, Evoke Blink, Wall Jump, Serpent's Lash, Heavenly Storm


You escaped.
You worshipped Wu Jian.
Wu Jian was extremely pleased with you.
You visited 12 branches of the dungeon, and saw 56 of its levels.
You visited 1 bazaar.
You visited 1 ziggurat, and saw 9 of its levels.
You also visited: Ossuary, Ice Cave and Volcano.

You collected 8316 gold pieces.
You spent 3083 gold pieces at shops.

Inventory:

Missiles
 e - 151 large rocks (quivered)
 A - a throwing net
Armour
 d - a +2 cloak of cold resistance (worn)
 s - the +1 hat of the Doldrums (worn) {rF+ Int+4}
   (You found it on level 4 of the Spider Nest)

   Int+4:     It affects your intelligence (+4).
   rF+:       It protects you from fire.
 v - a +0 kite shield of protection
 N - a +7 tower shield (worn)
 R - the +1 robe "Qixtine" {rN+++ Regen+ Str-3 Slay-3}
   (You found it on level 3 of the Spider Nest)

   Str-3:     It affects your strength (-3).
   Slay-3:    It affects your accuracy & damage with ranged weapons and melee
   (-3).
   rN+++:     It renders you almost immune to negative energy.
   Regen+:    It increases your rate of health regeneration.
 W - +12 gold dragon scales (worn)
Magical Staves
 m - a staff of earth
Jewellery
 b - the ring of Zafaqi (left claw) {+Blink Will++ Dex+6 Slay-5 SInv}
   (You found it on level 15 of the Dungeon)

   [ring of dexterity]

   Dex+6:     It affects your dexterity (+6).
   Slay-5:    It affects your accuracy & damage with ranged weapons and melee
   (-5).
   Will++:    It greatly increases your willpower.
   SInv:      It lets you see invisible.
   +Blink:    It lets you blink.
 c - a ring of resist corrosion
 f - the ring "Toekeac" (right claw) {rC+ Int+4}
   (You found it on level 15 of the Dungeon)

   [ring of protection from cold]

   Int+4:     It affects your intelligence (+4).
   rC+:       It protects you from cold.
 g - the ring of Luugh {Fly rPois}
   (You took it off a centaur warrior on level 15 of the Dungeon)

   [ring of poison resistance]

   rPois:     It protects you from poison Fly: It grants you flight.
 j - the amulet "Hadou" (around neck) {Fly Will+ Regen+}
   (You took it off a deep elf demonologist on level 3 of the Elven Halls)

   [amulet of regeneration]

   Will+:     It increases your willpower.
   Fly:       It grants you flight.
   Regen+:    It increases your rate of health regeneration.
 T - a ring of protection from fire
Wands
 L - a wand of quicksilver (44)
 O - a wand of flame (114)
 P - a wand of digging (2)
 X - a wand of iceblast (41)
Scrolls
 a - 5 scrolls of poison
 k - 11 scrolls of teleportation
 q - 8 scrolls of vulnerability
 r - 9 scrolls of revelation
 t - 8 scrolls of fear
 y - 5 scrolls of fog
 G - 11 scrolls of noise
 M - 3 scrolls of silence
 Z - 6 scrolls of immolation
Potions
 i - 9 potions of lignification
 o - 8 potions of magic
 p - 3 potions of berserk rage
 u - 18 potions of curing
 w - 4 potions of mutation
 x - 8 potions of enlightenment
 z - 16 potions of ambrosia
 B - 4 potions of heal wounds
 I - 8 potions of cancellation
 J - 3 potions of resistance
 K - 8 potions of brilliance
Miscellaneous
 l - a phial of floods
 C - a phantom mirror
 E - a lightning rod (4/4)
 U - a tin of tremorstones (2/2)


   Skills:
 + Level 18.5 Fighting
 * Level 10.2 Armour
 - Level 9.9 Dodging
 + Level 17.7 Shields
 O Level 27 Unarmed Combat
 - Level 4.7 Spellcasting
 - Level 5.5 Translocations
 - Level 6.6 Earth Magic
 - Level 23.3 Shapeshifting


You had 28 spell levels left.
You knew the following spells:

 Your Spells              Type           Power      Damage    Failure   Level
g - Apportation           Tloc           58%        N/A       38%         1
l - Lesser Beckoning      Tloc           58%        N/A       54%         2
p - Passwall              Tmut/Erth      15%        N/A       83%         2
w - Wereblood             Tmut           5%         N/A       99%         2

Your spell library contained the following spells:

 Spells                   Type           Power      Damage    Failure   Level
 Gell's Gravitas          Tloc           29%        N/A       77%         3
 Teleport Other           Tloc           29%        N/A       77%         3
 Stone Arrow              Conj/Erth      38%        3d9       97%         3
 Volatile Blastmotes      Fire/Tloc      34%        2d12      98%         3
 Foxfire                  Conj/Fire      20%        2x1d5     99%         1
 Kiss of Death            Conj/Necr      20%        2d7       99%         1
 Magic Dart               Conj           20%        1d4       99%         1
 Necrotise                Necr           20%        1d5       99%         1
 Shock                    Conj/Air       20%        1d4       99%         1
 Summon Small Mammal      Summ           20%        N/A       99%         1
 Cigotuvi's Dreadful Rot  Necr/Pois/Air  10%        N/A       99%         2
 Ensorcelled Hibernation  Hex/Ice        10%        N/A       99%         2
 Poisonous Vapours        Pois/Air       10%        N/A       99%         2
 Scorch                   Fire           10%        2d5       99%         2
 Searing Ray              Conj           10%        2d4       99%         2
 Sublimation of Blood     Necr           5%         N/A       99%         2
 Manifold Assault         Tloc           29%        N/A       99%         4
 Passage of Golubria      Tloc           29%        N/A       99%         4
 Call Canine Familiar     Summ           5%         N/A       100%        3
 Confusing Touch          Hex            5%         N/A       100%        3
 Dazzling Flash           Conj/Hex       10%        N/A       100%        3
 Hailstorm                Conj/Ice       5%         3d4       100%        3
 Ignite Poison            Fire/Tmut/Pois 5%         N/A       100%        3
 Inner Flame              Hex/Fire       5%         N/A       100%        3
 Mephitic Cloud           Conj/Pois/Air  5%         N/A       100%        3
 Summon Guardian Golem    Hex/Summ       5%         N/A       100%        3
 Swiftness                Air            5%         N/A       100%        3
 Tukima's Dance           Hex            5%         N/A       100%        3
 Vampiric Draining        Necr           5%         2d6       100%        3
 Anguish                  Hex/Necr       2%         N/A       100%        4
 Animate Armour           Summ/Erth      38%        N/A       100%        4
 Animate Dead             Necr           5%         N/A       100%        4
 Brom's Barrelling Bould  Conj/Erth      19%        2d4       100%        4
 Dimensional Bullseye     Hex/Tloc       8%         N/A       100%        4
 Dispel Undead            Necr           5%         3d7       100%        4
 Flame Wave               Conj/Fire      5%         2d5       100%        4
 Fulminant Prism          Conj/Hex       2%         3d5       100%        4
 Iskenderun's Mystic Bla  Conj/Tloc      17%        2d5       100%        4
 Leda's Liquefaction      Hex/Erth       9%         N/A       100%        4
 Olgreb's Toxic Radiance  Pois           5%         N/A       100%        4
 Petrify                  Tmut/Erth      19%        N/A       100%        4
 Sticky Flame             Conj/Fire      5%         2d3       100%        4
 Summon Ice Beast         Ice/Summ       5%         N/A       100%        4
 Summon Lightning Spire   Summ/Air       5%         N/A       100%        4
 Agony                    Necr           5%         N/A       100%        5
 Alistair's Intoxication  Tmut/Pois      3%         N/A       100%        5
 Borgnjor's Vile Clutch   Necr/Erth      9%         N/A       100%        5
 Freezing Cloud           Conj/Ice/Air   2%         6-21      100%        5
 Irradiate                Conj/Tmut      2%         3d12      100%        5
 Lee's Rapid Deconstruct  Erth           17%        3d10*     100%        5
 Silence                  Hex/Air        2%         N/A       100%        5
 Summon Mana Viper        Hex/Summ       5%         N/A       100%        5
 Yara's Violent Unravell  Hex/Tmut       2%         3d3       100%        5
 Bombard                  Conj/Erth      9%         9d2       100%        6
 Conjure Ball Lightning   Conj/Air       2%         3x3d6     100%        6
 Death Channel            Necr           2%         N/A       100%        6
 Dispersal                Tloc           14%        N/A       100%        6
 Eringya's Noxious Bog    Tmut/Pois      2%         4d6       100%        6
 Plasma Beam              Fire/Air       2%         2x1d12    100%        6
 Simulacrum               Ice/Necr       2%         N/A       100%        6
 Starburst                Conj/Fire      2%         6d3       100%        6
 Summon Cactus Giant      Summ           2%         N/A       100%        6
 Enfeeble                 Hex            2%         N/A       100%        7
 Haunt                    Necr/Summ      2%         N/A       100%        7
 Ozocubu's Refrigeration  Ice            2%         4d8       100%        7
 Summon Hydra             Summ           2%         N/A       100%        7
 Discord                  Hex            2%         N/A       100%        8
 Disjunction              Tloc           14%        N/A       100%        8
 Ignition                 Fire           2%         3d3       100%        8
 Infestation              Necr           2%         N/A       100%        8
 Lehudib's Crystal Spear  Conj/Erth      9%         10d4      100%        8
 Maxwell's Capacitive Co  Air            2%         ∞         100%        8
 Summon Horrible Things   Summ           2%         N/A       100%        8
 Death's Door             Necr           2%         N/A       100%        9
 Polar Vortex             Ice            2%         N/A       100%        9
 Shatter                  Erth           17%        3d16*     100%        9


Dungeon Overview and Level Annotations

Branches:
Dungeon (15/15)            Temple (1/1) D:4            Lair (5/5) D:10
  Swamp (4/4) Lair:2       Spider (4/4) Lair:3        Slime (5/5) Lair:5
    Orc (2/2) D:9             Elf (3/3) Orc:2        Vaults (5/5) D:13
  Crypt (3/3) Vaults:2       Tomb (0/3) Crypt:3      Depths (4/4) D:15
    Zot (5/5) Depths:4    Ossuary (visited)           IceCv (visited)
Volcano (visited)

Altars:
Ashenzari
Cheibriados
Dithmenos
Elyvilon
Fedhas
Gozag
Hepliaklqana
Kikubaaqudgha
Makhleb
Nemelex Xobeh
Okawaru
Qazlal
Ru
Sif Muna
Trog
Uskayaw
Vehumet
Wu Jian
Xom
Yredelemnul
Zin
The Shining One

Shops:
D:5 ?   Orc:2 [(:*   Elf:2 !   Vaults:1 [

Portals:
Hell: Depths:1 Depths:2 Depths:3 Depths:4
Abyss: Depths:1 Depths:3
Pandemonium: Depths:2

Annotations:
Vaults:1 2 transporters, quaternion's ghost, veteran MiFi
Zot:4 1 runed translucent door, Raoceuw's ghost, master NaVM


Innate Abilities, Weirdness & Mutations

You are too large for most types of armour.
You have claws for hands.
Your natural rate of healing is unusually fast.
You are covered in fur. (AC +1)
You have tough skin. (AC +1)
You are partially covered in iridescent scales. (AC +2)
You are very robust. (+20% HP)


Message History

As you read the scroll of summoning, it crumbles to dust.
Wisps of shadow whirl around you...
You fade into invisibility!
You feel more buoyant.
You feel extremely strange.
You feel healthier.
You feel conductive.
Your skin functions as natural camouflage.
You feel agile.
You feel extremely strange.
Your skin no longer functions as natural camouflage.
You no longer become unable to drink potions after taking damage.
You occasionally lose the ability to drink potions when taking damage.
You feel extremely strange.
You no longer become unable to drink potions after taking damage.
You feel stronger.
Your system partially rejects the healing effects of potions.
Your body twists and deforms.
You feel extremely strange.
You feel clumsy.
Your system completely accepts the healing effects of potions.
You feel more energetic.
You feel less in control of your magic.
You feel a hidden malignance growing inside you.
You feel extremely strange.
Your body's shape seems more normal.
You no longer feel a malignance within.
You feel clever.
You occasionally lose the ability to read scrolls when taking damage.
You feel robust.
Iridescent scales grow over part of your body.
You feel stronger.
You feel extremely strange.
You feel weaker.
You regain control of your magic.
You no longer become unable to read scrolls after taking damage.
You feel robust.
You feel much better.
You feel much better.
A red film seems to cover your vision as you go berserk!
You feel yourself moving faster!
You feel mighty!
You are too berserk!
You feel a strong urge to attack something.
You have escaped!

.........#......#.......# #....
.#..............#.......#####.##.
.##...###......###......##....##.
.##............# #............##.
.##...........## ##...........###
.############'#####'#############
.##..### ##.....## ###..##.
.##....### ##..gS.## ###....##.
.##......####..g@w..####........)
..#........##..Bgg..##........#..
#..........###.....###.....####.#
######.....# ###+### #.....# #.#
#..).## ##.## ##....# #.# #....#
###...### #....# #.#
#...####.......####...# #.#
#...##...........##...# #.#
#..#....####.#.....#..####.#


You could see a friendly dart slug (summoned), a friendly giant cockroach
(summoned), a friendly hobgoblin (summoned), 3 friendly goblins and a friendly
ball python (summoned).

Vanquished Creatures
  the Royal Jelly (Slime:5)
  4 dread liches
  4 orbs of fire
  4 ancient liches
  A juggernaut (Depths:3)
  Boris (twice) (Vaults:4 Depths:3)
  Sojobo (Crypt:3)
  Parghit (Zot:1)
  Bai Suzhen (Vaults:5)
  7 Killer Klowns
  Margery (Crypt:3)
  Saint Roka (Vaults:1)
  A curse toe (Zot:4)
  A caustic shrike (Depths:2)
  13 golden dragons
  Nikola (Lair:3)
  A bone dragon (Crypt:3)
  Arachne (Spider:4)
  A pearl dragon (Zig:8)
  2 electric golems (Zot:5)
  2 doom hounds (Zot:2)
  13 tentacled monstrosities
  A Hell Sentinel (D:10)
  Zenata (Vaults:2)
  8 liches
  Mlioglotl (Lair:3)
  Grunn (Zot:2)
  Rupert (D:14)
  A walking earthen tome (Depths:3)
  A walking frostbound tome (Depths:3)
  6 titans (Vaults:5)
  25 Orb Guardians (Zot:5)
  5 quicksilver dragons
  2 deep elf blademasters
  3 deep elf master archers
  5 sphinxes
  19 acid blobs
  8 ancient champions
  6 death cobs
  A thorn hunter (Swamp:3)
  Agnes (D:14)
  5 shadow dragons
  9 storm dragons
  Frances (Spider:1)
  Kirke (Spider:4)
  A fenstrider witch (Swamp:1)
  4 draconian monks
  A revenant (Zig:2)
  8 tengu reavers
  Donald (Spider:1)
  3 emperor scorpions (Spider:4)
  15 rockslimes
  14 azure jellies
  4 draconian knights
  4 fire giants
  7 frost giants
  7 deep elf sorcerers
  2 iron dragons (Vaults:5)
  A daeva (Zig:8)
  14 vault wardens
  3 curse skulls
  7 draconian scorchers
  7 ghost moths
  8 orc warlords
  5 draconian shifters
  7 ghouls
  A reaper (Crypt:3)
  10 draconian stormcallers
  4 draconian annihilators
  7 deep elf elementalists (Elf:3)
  5 broodmothers (Spider:4)
  2 ophanim (Zig:8)
  7 formless jellyfish
  13 ironbound preservers
  13 quicksilver oozes
  An angel (Zig:8)
  5 war gargoyles
  16 very ugly things
  18 stone giants
  6 ironbound thunderhulks
  9 vampire knights
  2 apis (Zig:8)
  5 deep elf demonologists
  3 eleionomae
  4 black draconians
  15 green draconians
  6 yellow draconians
  6 bunyips
  8 white draconians
  A dire elephant (Lair:5)
  Azrael (D:15)
  23 red draconians
  8 deep elf annihilators
  6 purple draconians
  11 spark wasps
  5 eidola
  2 crystal guardians (Vaults:4)
  9 ettins
  16 deep elf death magi
  A blizzard demon (Depths:2)
  8 fire dragons
  16 yaktaur captains
  8 deep elf high priests
  A shambling mangrove (Swamp:4)
  Josephine (D:15)
  2 entropy weavers
  13 great orbs of eyes
  3 peacekeepers (Vaults:4)
  7 jiangshi
  4 catoblepae
  A spriggan zombie (Crypt:3)
  36 vault guards
  10 hydras
  A hell beast (Depths:4)
  A spriggan skeleton (Crypt:3)
  6 ice dragons
  2 ghost crabs
  8 ironbound frosthearts
  An ogre mage (Vaults:5)
  4 spriggan air magi
  2 jorogumos
  10 alligators
  3 two-headed ogres
  A radroach (Spider:3)
  12 tengu warriors
  2 anacondas (shapeshifter)
  30 centaur warriors
  31 dancing weapons
  A bennu skeleton (Crypt:2)
  10 boulder beetles
  4 death knights
  3 deep troll shamans
  A two-headed ogre (shapeshifter) (Zig:9)
  2 deep troll earth magi (Depths:2)
  7 death yaks
  3 hell hogs (Depths:4)
  5 orc high priests
  7 demonic crawlers
  7 vampire magi
  2 soul eaters
  15 deep elf knights
  2 spriggans
  9 hell knights
  A spriggan berserker (Depths:2)
  5 pharaoh ants
  4 iron trolls
  A skyshark (shapeshifter) (Vaults:4)
  2 skysharks
  17 skeletal warriors
  A salamander mystic (Volcano)
  A sixfirhy (Depths:2)
  3 cherubim (Zig:8)
  5 goliath frogs
  39 deep trolls
  4 orb spiders
  2 arcanists (Vaults:4)
  10 bog bodies
  3 glowing orange brains
  2 spriggan simulacra (IceCv)
  6 swamp dragons
  An orb spider (shapeshifter) (Depths:2)
  8 flayed ghosts
  A glowing orange brain (shapeshifter) (Zig:9)
  A steelbarb worm (shapeshifter) (D:15)
  15 deep elf archers
  A shadow demon (Depths:3)
  2 spriggan druids
  31 deep elf pyromancers
  3 obsidian statues
  28 deep elf zephyrmancers
  15 necromancers
  An eleionoma zombie (Crypt:1)
  9 steelbarb worms
  12 lindwurms
  24 ironbound convokers
  15 phantasmal warriors
  2 occultists
  A wolf spider zombie (D:15)
  9 orc sorcerers
  10 wolf spiders
  A shining eye (shapeshifter) (Depths:1)
  A manticore (shapeshifter) (Vaults:5)
  19 orc knights
  4 oklob plants (Zot:1)
  15 cyclopes
  A moth of wrath (shapeshifter) (Zig:4)
  An elf zombie (Vaults:3)
  6 manticores
  5 salamanders
  26 ugly things
  2 shining eyes (Slime:5)
  17 elephants
  2 will-o-the-wisps (Swamp:3)
  A centaur zombie (D:15)
  25 moths of wrath
  A guardian serpent (shapeshifter) (Vaults:5)
  A frost giant skeleton (Crypt:3)
  2 guardian serpents (D:15)
  14 vault sentinels
  Joseph (D:10)
  6 torpor snails
  An apocalypse crab (Zig:4)
  A stone giant skeleton (Vaults:3)
  2 molten gargoyles (Volcano)
  3 eyes of devastation (Slime:5)
  7 black mambas
  2 smoke demons
  A yaktaur zombie (Vaults:4)
  7 gargoyles
  An unseen horror (D:10)
  14 cane toads
  A dire elephant skeleton (Crypt:3)
  A rime drake (shapeshifter) (Zig:9)
  An orb spider zombie (Crypt:2)
  8 rime drakes
  11 komodo dragons
  A yaktaur (shapeshifter) (D:15)
  22 freezing wraiths
  30 yaktaurs
  A catoblepas skeleton (Crypt:1)
  A tormentor (Depths:2)
  2 efreet
  A kobold demonologist (D:13)
  An alligator snapping turtle skeleton (Crypt:3)
  2 anaconda simulacra (IceCv)
  2 golden dragon simulacra (IceCv)
  2 ice devils (IceCv)
  3 tengu conjurers
  A hydra zombie (Crypt:3)
  6 trolls
  2 bloated husks
  An iron troll skeleton (Crypt:1)
  10 meliai
  2 meliai (shapeshifter)
  A merfolk (shapeshifter) (Depths:2)
  5 hornets
  A queen bee (Spider:2)
  4 polar bears
  8 tyrant leeches
  3 alligator simulacra (IceCv)
  A snapping turtle (shapeshifter) (Elf:3)
  3 blink frogs (Lair:1)
  A culicivora zombie (Crypt:2)
  19 tarantellas
  2 ettin zombies
  9 dream sheep
  A frost giant simulacrum (Vaults:4)
  10 water elementals
  100 slime creatures
  30 jumping spiders
  15 culicivoras
  An ice dragon skeleton (Crypt:1)
  A yak (shapeshifter) (Vaults:5)
  9 flying skulls
  An air elemental (Elf:1)
  A shadow (D:13)
  30 yaks
  A spriggan (shapeshifter) (D:12)
  2 dire elephant simulacra (IceCv)
  9 basilisks
  8 wraiths
  7 hogs (Spider:4)
  2 steam dragons (Lair:5)
  A golden eye (shapeshifter) (D:15)
  4 wyverns
  A fire bat (Volcano)
  Eustachio (D:4)
  26 fire elementals
  7 golden eyes
  52 redbacks
  3 swamp worm simulacra (Swamp:4)
  A yaktaur simulacrum (Vaults:3)
  A minotaur simulacrum (IceCv)
  5 chaos spawn
  7 wargs
  11 vampire mosquitoes
  12 swamp worms
  6 harpy simulacra (IceCv)
  4 acid dragons
  3 hell hounds (D:15)
  16 hydra simulacra
  20 water moccasins
  3 floating eyes
  2 black bears
  4 swamp drakes
  2 sky beasts
  8 ice beasts
  2 manticore zombies
  40 orc warriors
  3 ettin simulacra
  12 ogres
  14 centaurs
  14 wolves
  A hog zombie (Crypt:2)
  8 bullfrogs
  9 necrophages
  4 kobold brigands
  An elf skeleton (Crypt:3)
  2 gnoll sergeants
  A naga simulacrum (Crypt:3)
  3 scorpions
  2 earth elementals
  A glowing shapeshifter simulacrum (Vaults:3)
  A human skeleton (Vaults:3)
  8 wights
  A deep troll simulacrum (IceCv)
  A yak zombie (Crypt:3)
  26 killer bees
  5 lindwurm simulacra (IceCv)
  3 electric eels (Lair:4)
  2 howler monkeys
  5 lava snakes (Volcano)
  6 jellies
  5 hounds
  A basilisk zombie (Crypt:2)
  A centaur skeleton (Crypt:3)
  A gnoll bouda (Zig:5)
  21 orc priests
  A bullfrog skeleton (Crypt:2)
  9 iguanas
  12 orc wizards
  A scorpion zombie (Crypt:2)
  3 lightning spires (Zot:1)
  A boggart skeleton (D:15)
  An acid dragon zombie (Crypt:3)
  A deep dwarf skeleton (Crypt:1)
  8 mummies (Ossuary)
  17 gnolls
  17 adders
  A shadow imp (D:7)
  4 white imps
  3 ufetubi
  5 swamp drake simulacra (Swamp:4)
  An iguana zombie (Crypt:3)
  A worm (D:4)
  2 dart slugs (D:1)
  69 orcs
  2 bat zombies
  7 endoplasms
  2 giant cockroaches (D:3)
  2 gnoll zombies (Ossuary)
  10 goblins
  9 hobgoblins
  3 jackals (D:4)
  4 quokkas
  3 training dummies (Elf:2)
  5 ball pythons
  A ball python skeleton (Crypt:1)
  7 bats
  6 frilled lizards
  3 hobgoblin zombies (Ossuary)
  28 kobolds
  A kobold zombie (Ossuary)
  2 orc zombies (Ossuary)
  2 rats (D:3)
  2 rat zombies
  A river rat skeleton (Crypt:3)
2393 creatures vanquished.

Vanquished Creatures (collateral kills)
  Mara (Spider:4)
  An orb of fire (Zot:5)
  A pandemonium lord (Zig:1)
  A draconian knight (Zot:5)
  A red draconian (Zot:5)
  2 hydras (Swamp:4)
  An orc knight (Orc:1)
  A moth of wrath (Zot:5)
  2 orc warriors (Orc:2)
11 creatures vanquished.

Vanquished Creatures (others)
  A fire giant (Vaults:4)
  A vault warden (Vaults:2)
  A deep elf demonologist (Elf:1)
  A vault guard (Vaults:5)
  2 dancing weapons (Elf:2)
  A deep troll (Vaults:5)
  2 deep elf pyromancers (Elf:1)
  5 bloated husks
  An orc warrior (Vaults:1)
  A boggart simulacrum (D:15)
  6 foxfires (Swamp:3)
22 creatures vanquished.

Grand Total: 2426 creatures vanquished

Notes
Turn   | Place    | Note
-------+----------+-------------------------------------------
     0 | D:1      | RepoMan the Troll Fighter began the quest for the Orb.
     0 | D:1      | Reached XP level 1. HP: 22/22 MP: 0/0
   224 | D:1      | Reached XP level 2. HP: 29/29 MP: 1/1
   584 | D:1      | Reached XP level 3. HP: 36/36 MP: 2/2
   621 | D:2      | Reached skill level 3 in Unarmed Combat
   690 | D:2      | Identified the +1 leather armour of the Kettle-Drum {+Inv
                  | Fly Dex+3}
   692 | D:2      | Found a faded altar of an unknown god.
   927 | D:2      | Reached XP level 4. HP: 44/44 MP: 3/3
  1230 | D:2      | Found a blossoming altar of Fedhas.
  1433 | D:3      | Reached XP level 5. HP: 50/53 MP: 4/4
  1559 | D:3      | Reached skill level 4 in Unarmed Combat
  1801 | D:3      | Found a shimmering altar of Xom.
  2261 | D:4      | Reached XP level 6. HP: 61/61 MP: 5/5
  2267 | D:4      | Found a staircase to the Ecumenical Temple.
  2276 | Temple   | Entered the Ecumenical Temple
  2299 | Temple   | Became a worshipper of the Wu Jian Council
  2487 | D:4      | Reached skill level 5 in Unarmed Combat
  2704 | D:4      | Found an ancient bone altar of Kikubaaqudgha.
  2904 | D:4      | Noticed Eustachio
  2918 | D:4      | Reached XP level 7. HP: 68/68 MP: 6/6
  2946 | D:4      | Killed Eustachio
  2947 | D:4      | Reached skill level 6 in Unarmed Combat
  3075 | D:5      | Entered Level 5 of the Dungeon
  3533 | D:5      | Reached * piety under Wu Jian
  3535 | D:5      | Reached skill level 5 in Shields
  3535 | D:5      | Reached XP level 8. HP: 77/79 MP: 7/7
  3542 | D:5      | Reached skill level 7 in Unarmed Combat
  4130 | D:5      | Found Jato's Magic Scroll Emporium.
  4133 | D:5      | Bought a scroll of identify for 28 gold pieces
  4133 | D:5      | Bought a scroll of identify for 28 gold pieces
  4133 | D:5      | Bought a scroll of poison for 56 gold pieces
  4133 | D:5      | Bought a scroll of noise for 14 gold pieces
  4133 | D:5      | Bought a scroll of identify for 28 gold pieces
  4133 | D:5      | Bought a scroll of identify for 28 gold pieces
  4133 | D:5      | Bought a scroll of identify for 28 gold pieces
  4173 | D:6      | Identified the +0 giant club of Hepliaklqana, Feeding
                  | {protect, rElec rPois Will-}
  4353 | D:6      | Reached skill level 5 in Fighting
  4477 | D:6      | Reached skill level 8 in Unarmed Combat
  5000 | D:7      | Reached ** piety under Wu Jian
  5014 | D:7      | Reached XP level 9. HP: 86/88 MP: 8/8
  5244 | D:7      | Found a sand-covered staircase.
  5254 | Ossuary  | Entered an ossuary
  5491 | D:7      | Identified the +0 ring mail "Dotec" {rC+ SInv}
  5635 | D:7      | Reached skill level 9 in Unarmed Combat
  5884 | D:8      | Reached *** piety under Wu Jian
  6061 | D:8      | Noticed a two-headed ogre
  6068 | D:8      | Reached skill level 10 in Unarmed Combat
  6074 | D:8      | Killed a two-headed ogre
  6075 | D:8      | Reached XP level 10. HP: 70/100 MP: 9/9
  6299 | D:8      | Found Plog's Distillery.
  6308 | D:8      | Bought a potion of berserk rage for 60 gold pieces
  6308 | D:8      | Bought a potion of attraction for 36 gold pieces
  6308 | D:8      | Bought a potion of resistance for 120 gold pieces
  6308 | D:8      | Bought a potion of lignification for 36 gold pieces
  6308 | D:8      | Bought a potion of curing for 36 gold pieces
  6308 | D:8      | Bought a potion of curing for 36 gold pieces
  6708 | D:8      | Found a glowing silver altar of Zin.
  6708 | D:8      | Noticed an angel
  6924 | D:9      | Noticed a two-headed ogre
  6927 | D:9      | Killed a two-headed ogre
  6963 | D:9      | Found a sparkling altar of Nemelex Xobeh.
  6963 | D:9      | Found a snail-covered altar of Cheibriados.
  6966 | D:9      | Found a basalt altar of Yredelemnul.
  7206 | D:9      | Found a white marble altar of Elyvilon.
  7209 | D:9      | Found a glowing golden altar of the Shining One.
  7424 | D:9      | Reached skill level 11 in Unarmed Combat
  7444 | D:9      | Noticed a cyclops
  7447 | D:9      | Noticed a centaur warrior
  7609 | D:9      | Killed a centaur warrior
  7610 | D:9      | Reached skill level 5 in Dodging
  7818 | D:9      | Found a staircase to the Orcish Mines.
  7864 | D:9      | Reached **** piety under Wu Jian
  7931 | D:9      | Reached XP level 11. HP: 109/109 MP: 10/10
  8056 | D:10     | Entered Level 10 of the Dungeon
  8168 | D:10     | Paralysed by a hornet for 3 turns
  8285 | D:10     | Noticed Joseph
  8300 | D:10     | Killed Joseph
  8338 | D:10     | Reached skill level 12 in Unarmed Combat
  8340 | D:10     | Noticed a centaur warrior
  8443 | D:10     | Identified the +9 hand axe of Valour {pain, Fragile rF+
                  | Int+3 Dex+2}
  8451 | D:10     | Killed a centaur warrior
  8551 | D:10     | Noticed an ettin
  8551 | D:10     | Noticed a centaur warrior
  8790 | D:10     | Found a staircase to the Lair.
  9097 | D:10     | Killed a centaur warrior
  9203 | Lair:1   | Entered Level 1 of the Lair of Beasts
  9412 | Lair:1   | Reached skill level 13 in Unarmed Combat
  9570 | Lair:1   | Noticed a catoblepas
  9590 | Lair:1   | Killed a catoblepas
  9591 | Lair:1   | Reached XP level 12. HP: 84/120 MP: 11/11
  9712 | Lair:1   | Learned a level 2 spell: Wereblood
 10263 | Lair:2   | Found a staircase to the Swamp.
 10575 | Lair:2   | Reached ***** piety under Wu Jian
 10643 | Lair:2   | Identified the +2 robe of Mumblety Peg {Int+3 Dex+4}
 10962 | Lair:3   | Noticed a death yak
 11018 | Lair:3   | Found a hole to the Spider Nest.
 11131 | Lair:3   | Reached skill level 14 in Unarmed Combat
 11503 | Lair:3   | Noticed a catoblepas
 11515 | Lair:3   | Killed a catoblepas
 11592 | Lair:3   | Killed a death yak
 11593 | Lair:3   | Reached skill level 10 in Shields
 11593 | Lair:3   | Reached XP level 13. HP: 100/131 MP: 12/12
 12247 | Lair:4   | Reached skill level 15 in Unarmed Combat
 12351 | Lair:4   | Identified the +9 broad axe "Vej Edufan" {heavy, rCorr
                  | Str+3 Dex+2}
 12399 | Lair:4   | Found a dark tunnel.
 12405 | Volcano  | Entered a volcano
 12620 | Volcano  | Found a radiant altar of Vehumet.
 12696 | Volcano  | Noticed a red draconian
 13250 | Lair:5   | Entered Level 5 of the Lair of Beasts
 13251 | Lair:5   | Upgraded the game from 0.31-a0-880-g9a209b2425 to
                  | 0.31-a0-885-gbe960a18b5
 13318 | Lair:5   | Found a staircase to the Slime Pits.
 13595 | Lair:5   | Reached skill level 10 in Fighting
 13842 | Lair:5   | Reached skill level 16 in Unarmed Combat
 13855 | Lair:5   | Reached XP level 14. HP: 142/143 MP: 13/13
 14055 | Lair:5   | Identified the staff of the Dwarven Hall {Fly rF+ SInv
                  | Fire}
 14296 | Lair:5   | Identified the +2 scale mail of Opihoen {+Blink rElec rN+
                  | Str-2}
 14333 | Lair:5   | Found a sparkling altar of Nemelex Xobeh.
 14917 | Orc:1    | Entered Level 1 of the Orcish Mines
 15068 | Orc:2    | Entered Level 2 of the Orcish Mines
 15069 | Orc:2    | Found a staircase to the Elven Halls.
 15069 | Orc:2    | Found Ahazyzo's Antique Weapon Boutique.
 15152 | Orc:2    | Found Abbao's General Store.
 15206 | Orc:2    | Bought a potion of heal wounds for 65 gold pieces
 15270 | Orc:2    | Noticed Sonja
 15272 | Orc:2    | Sonja changed into Sonja the howler monkey
 15272 | Orc:2    | Noticed Sonja
 15279 | Orc:2    | Killed Sonja the howler monkey
 15279 | Orc:2    | Reached ****** piety under Wu Jian
 15292 | Orc:2    | Noticed an orc warlord
 15315 | Orc:2    | Killed an orc warlord
 15697 | Orc:2    | Found Eremujav's Antique Armour Shop.
 15732 | Orc:2    | Found Vojoerop's Book Shoppe.
 15755 | Orc:2    | Reached skill level 17 in Unarmed Combat
 15827 | Orc:2    | Bought a book of Cantrips for 156 gold pieces
 15829 | Orc:2    | Learned a level 1 spell: Apportation
 15832 | Orc:2    | Learned a level 2 spell: Lesser Beckoning
 16425 | D:8      | Bought 2 potions of experience for 1200 gold pieces
 16425 | D:8      | Bought a potion of might for 48 gold pieces
 16425 | D:8      | Bought a potion of haste for 120 gold pieces
 16425 | D:8      | Bought a potion of might for 48 gold pieces
 16520 | D:10     | Identified the +4 broad axe "Qerukhlout" {flame, Fragile
                  | rF- Will+++ rCorr}
 16808 | D:11     | Reached skill level 1 in Translocations
 16929 | D:11     | Reached skill level 1 in Spellcasting
 17315 | D:11     | Found a bloodstained altar of Trog.
 17621 | D:12     | You fall into a shaft and drop 2 floors!
 17667 | D:13     | Reached XP level 15. HP: 131/152 MP: 16/16
 17948 | D:13     | Found a flickering gateway to a bazaar.
 18396 | D:13     | Found a gate to the Vaults.
 18501 | Bazaar   | Entered a bazaar
 18508 | Bazaar   | Found Allarui's Assorted Antiques.
 18508 | Bazaar   | Found Woudys's Distillery.
 18530 | Bazaar   | Found Lehompad's Armour Shop.
 18552 | Bazaar   | Found Otreageq's Magic Scroll Shop.
 18560 | Bazaar   | Bought a scroll of fear for 48 gold pieces
 18560 | Bazaar   | Bought a scroll of blinking for 90 gold pieces
 18560 | Bazaar   | Bought a scroll of summoning for 114 gold pieces
 18560 | Bazaar   | Bought a scroll of immolation for 48 gold pieces
 18579 | Bazaar   | Bought a potion of mutation for 144 gold pieces
 18579 | Bazaar   | Bought a potion of curing for 54 gold pieces
 18579 | Bazaar   | Bought a potion of lignification for 54 gold pieces
 18666 | D:13     | Learned a level 2 spell: Passwall
 19450 | D:12     | Noticed Nessos
 19453 | D:12     | Nessos changed into Nessos the raiju
 19453 | D:12     | Noticed Nessos
 19457 | D:12     | Nessos the raiju changed into Nessos the shapeshifter
 19457 | D:12     | Noticed Nessos
 19458 | D:12     | Nessos the shapeshifter changed into Nessos the entropy
                  | weaver
 19458 | D:12     | Noticed Nessos (shapeshifter)
 19461 | D:12     | Nessos the entropy weaver changed into Nessos the spriggan
 19461 | D:12     | Noticed Nessos (shapeshifter)
 19464 | D:12     | Killed Nessos the spriggan
 19651 | D:14     | Reached skill level 5 in Translocations
 19951 | D:14     | Noticed Rupert
 19955 | D:14     | Paralysed by Rupert for 3 turns
 19974 | D:14     | Killed Rupert
 20217 | D:14     | Noticed Agnes
 20341 | D:14     | Killed Agnes
 20631 | D:15     | Entered Level 15 of the Dungeon
 20919 | D:12     | Reached XP level 16. HP: 155/155 MP: 19/19
 20920 | D:12     | Reached XP level 17. HP: 163/163 MP: 20/20
 21265 | D:15     | Noticed a sphinx
 21274 | D:15     | Killed a sphinx
 21311 | D:15     | Found a staircase to the Depths.
 21327 | D:15     | Identified the ring of Luugh {Fly rPois}
 21398 | D:15     | Identified the ring of Zafaqi {+Blink Will++ Dex+6 Slay-5
                  | SInv}
 21423 | D:15     | Paralysed by a floating eye for 3 turns
 21495 | D:15     | Noticed Azrael
 21502 | D:15     | Reached skill level 18 in Unarmed Combat
 21511 | D:15     | Killed Azrael
 21518 | D:15     | Found a transporter.
 21657 | D:15     | Identified the ring "Toekeac" {rC+ Int+4}
 21668 | D:15     | Found a transporter.
 21794 | D:15     | Found an ancient bone altar of Kikubaaqudgha.
 21801 | D:15     | Reached skill level 5 in Shapeshifting
 21849 | D:15     | Identified the +2 robe of Oroarano {Regen+ MP+9 Dex+3}
 21927 | D:15     | Reached XP level 18. HP: 143/182 MP: 21/21
 21949 | D:15     | Found a white marble altar of Elyvilon.
 22101 | D:15     | Found a shimmering altar of Xom.
 22127 | D:15     | Noticed Josephine
 22156 | D:15     | Killed Josephine
 22495 | Spider:1 | Entered Level 1 of the Spider Nest
 22495 | Spider:1 | Noticed Nikola
 22496 | Spider:1 | Noticed Mlioglotl
 22525 | Lair:3   | Killed Nikola
 22551 | Lair:3   | Killed Mlioglotl
 22702 | Spider:1 | Found a frozen archway.
 22768 | IceCv    | Entered an ice cave
 22805 | IceCv    | Reached skill level 19 in Unarmed Combat
 23148 | IceCv    | Found an ancient bone altar of Kikubaaqudgha.
 23212 | IceCv    | Identified the +1 mace of the Disturbing Friends {heavy,
                  | Fly Dex+2}
 23267 | IceCv    | Noticed a lich
 23395 | IceCv    | Killed a lich
 23797 | Spider:1 | Noticed Frances
 23821 | Spider:1 | Killed Frances
 24009 | Spider:1 | Noticed Donald
 24032 | Spider:1 | Killed Donald
 24260 | Spider:2 | Upgraded the game from 0.31-a0-885-gbe960a18b5 to
                  | 0.31-a0-917-ga885b83477
 24659 | Spider:2 | Identified the amulet of Antid {Faith Int+4}
 25496 | Spider:3 | Identified the +1 robe "Qixtine" {rN+++ Regen+ Str-3
                  | Slay-3}
 25606 | Spider:3 | Identified the +4 flail of the Grave {elec, Str+3}
 25777 | Spider:3 | Reached skill level 20 in Unarmed Combat
 26062 | Spider:4 | Entered Level 4 of the Spider Nest
 26428 | Spider:4 | Reached XP level 19. HP: 193/193 MP: 22/22
 26663 | Spider:4 | Noticed Arachne
 26677 | Spider:4 | Killed Arachne
 27176 | Spider:4 | Noticed Mara
 27181 | Spider:4 | Noticed Kirke
 27376 | Spider:4 | Noticed RepoMan's illusion
 27376 | Spider:4 | Killed Mara
 27377 | Spider:4 | Reached skill level 21 in Unarmed Combat
 27409 | Spider:4 | Got a gossamer rune of Zot
 27428 | Spider:4 | Killed Kirke
 27434 | Spider:4 | Identified the +2 pair of gloves of the Shore {Will+ Regen+
                  | Int+3}
 27439 | Spider:4 | Identified the +1 hat of the Doldrums {rF+ Int+4}
 27440 | Spider:4 | Identified the +2 pair of gloves "Barghim" {Harm rF+ Dex+2
                  | Slay-3}
 27739 | Swamp:1  | Entered Level 1 of the Swamp
 29753 | Swamp:4  | Entered Level 4 of the Swamp
 30240 | Swamp:4  | Reached skill level 22 in Unarmed Combat
 30311 | Swamp:4  | Got a decaying rune of Zot
 30629 | Vaults:5 | Identified the "Nomiagg"
 30629 | Crypt:3  | Identified the of Zuhiph
 30629 | Crypt:3  | Identified the "Gipric"
 30629 | Elf:1    | Entered Level 1 of the Elven Halls
 30727 | Elf:1    | Reached XP level 20. HP: 184/208 MP: 22/23
 30740 | Elf:1    | Paralysed by an air elemental for 1 turns
 31766 | Elf:2    | Found Xueqeile's Distillery.
 31821 | Elf:2    | Bought a potion of heal wounds for 90 gold pieces
 31821 | Elf:2    | Bought a potion of haste for 180 gold pieces
 31821 | Elf:2    | Bought a potion of berserk rage for 90 gold pieces
 31964 | Elf:2    | Found a runed translucent gate.
 31965 | Elf:2    | Found a runed translucent gate.
 31965 | Elf:2    | Found a runed translucent gate.
 32212 | Elf:2    | Reached skill level 23 in Unarmed Combat
 32410 | Elf:2    | Reached skill level 15 in Fighting
 32693 | Elf:3    | Identified the "Geobb"
 32693 | Elf:3    | Identified the of Torealada
 32693 | Elf:3    | Identified the "Decony"
 32693 | Elf:3    | Entered Level 3 of the Elven Halls
 33062 | Elf:3    | Reached skill level 15 in Shields
 33096 | Elf:3    | Found the +6 arbalest "Damnation" {damnation}
 33106 | Elf:3    | Identified the +4 chain mail of Pantheism {rC+ Will- Int+2}
 33106 | Elf:3    | Identified the +5 scimitar "Zyfeqywn" {freeze, rElec rF+
                  | Will+ Stlth+}
 33131 | Elf:3    | Identified the amulet "Hadou" {Fly Will+ Regen+}
 33133 | Elf:3    | Reached XP level 21. HP: 208/218 MP: 24/24
 33210 | Elf:3    | Identified the +5 scale mail of Oblivion {Will+ Str+2
                  | Dex+4}
 33231 | Elf:3    | Identified the +12 long sword of Avant Garde Subterfuge
                  | {heavy, Dex+4}
 33772 | Vaults:1 | Entered Level 1 of the Vaults
 33979 | Vaults:1 | Reached skill level 24 in Unarmed Combat
 34376 | Vaults:1 | Found Beegricw's Armour Shoppe.
 34491 | Vaults:1 | Noticed Saint Roka
 34504 | Vaults:1 | Killed Saint Roka
 34752 | Vaults:1 | Found a transporter.
 34752 | Vaults:1 | Found a transporter.
 34755 | Vaults:1 | Found a bloodstained altar of Trog.
 34755 | Vaults:1 | Noticed quaternion's ghost (veteran MiFi)
 34764 | Vaults:1 | Identified the ring of Wuhooj {Fly rC- Will+ Int+2}
 35068 | Vaults:2 | Found a staircase to the Crypt.
 35224 | Vaults:2 | Noticed Zenata
 35229 | Vaults:2 | Killed Zenata
 35821 | Vaults:2 | Identified the +8 battleaxe of Tortfeasance {vamp, Will++}
 35998 | Vaults:2 | Identified the +8 rapier of Forgiveness {freeze, Fly rCorr}
 36309 | Vaults:3 | Reached skill level 25 in Unarmed Combat
 37048 | Vaults:3 | Reached XP level 22. HP: 232/232 MP: 25/25
 37705 | Vaults:4 | Noticed Boris
 37713 | Vaults:4 | Killed Boris
 37719 | Vaults:4 | Reached skill level 26 in Unarmed Combat
 38608 | Crypt:1  | Entered Level 1 of the Crypt
 39967 | Crypt:2  | Reached skill level 27 in Unarmed Combat
 40292 | Crypt:3  | Entered Level 3 of the Crypt
 40362 | Crypt:3  | Noticed a dread lich
 40379 | Crypt:3  | Killed a dread lich
 40513 | Crypt:3  | Noticed Sojobo
 40518 | Crypt:3  | Paralysed by an air elemental for 1 turns
 40521 | Crypt:3  | Killed Sojobo
 40521 | Crypt:3  | Reached XP level 23. HP: 164/245 MP: 26/26
 40595 | Crypt:3  | Found the +8 Vampire's Tooth {megavamp}
 40641 | Crypt:3  | Found a staircase to the Tomb.
 40703 | Crypt:3  | Noticed Margery
 40727 | Crypt:3  | Killed Margery
 40776 | Crypt:3  | Reached skill level 10 in Shapeshifting
 41126 | Crypt:3  | Noticed a dread lich
 41126 | Crypt:3  | Noticed an ancient lich
 41168 | Crypt:3  | Killed an ancient lich
 41181 | Crypt:3  | Killed a dread lich
 41200 | Crypt:3  | Identified the +6 shortbow "Xiposal" {freeze, rF+ rCorr
                  | Int+4}
 41204 | Crypt:3  | Identified the amulet "Beatyloe" {Faith Rampage}
 41500 | Depths:1 | Entered Level 1 of the Depths
 41577 | Depths:1 | Found a gateway to Hell.
 41845 | Depths:1 | Found an ornate altar of the Wu Jian Council.
 41900 | Depths:1 | Found a one-way gate to the infinite horrors of the Abyss.
 41943 | Depths:1 | Found a one-way gateway to a ziggurat.
 42292 | Depths:1 | Gained mutation: You are resistant to electric shocks.
                  | (rElec) [a shining eye]
 42437 | Depths:1 | Found a transporter.
 42954 | Depths:2 | Found a one-way gate leading to the halls of Pandemonium.
 43042 | Depths:2 | Noticed a caustic shrike
 43044 | Depths:2 | Killed a caustic shrike
 44038 | Depths:3 | Noticed Boris
 44050 | Depths:3 | Killed Boris
 44474 | Depths:3 | Noticed a juggernaut
 44483 | Depths:3 | Reached skill level 15 in Shapeshifting
 44492 | Depths:3 | Reached XP level 24. HP: 160/256 MP: 26/26
 44496 | Depths:3 | Killed a juggernaut
 44553 | Depths:3 | Identified the +4 lajatang of Feplioch {heavy, rC+ SInv}
 44563 | Depths:3 | Identified the +0 scale mail of Precision Catastrophes {rC+
                  | Stlth+}
 44794 | Depths:4 | Entered Level 4 of the Depths
 44908 | Depths:4 | Found a gate to the Realm of Zot.
 45445 | Depths:4 | Identified the +1 demon blade of Sudden Death {venom,
                  | *Noise rC+++ Str+9 Dex+3}
 46057 | Slime:1  | Entered Level 1 of the Pits of Slime
 46317 | Slime:3  | Paralysed by a formless jellyfish for 1 turns
 46344 | Slime:4  | Paralysed by a formless jellyfish for 1 turns
 46373 | Slime:5  | Identified the of Fumu
 46373 | Slime:5  | Entered Level 5 of the Pits of Slime
 46522 | Slime:5  | Noticed the Royal Jelly
 46835 | Slime:5  | Killed the Royal Jelly
 46922 | Slime:5  | Gained mutation: Your magical capacity is low. (-10% MP) [a
                  | shining eye]
 46975 | Slime:5  | Identified the +0 plate armour "Tyuttuca" {+Blink Int+3
                  | Dex+2}
 46983 | Slime:5  | Identified the +9 demon trident "Lasanni" {venom, rF+ rC+
                  | rCorr}
 47000 | Slime:5  | Got a slimy rune of Zot
 47051 | Slime:5  | Identified the ring "Dipef" {Dex+6 Slay+2}
 47108 | Slime:5  | Identified the +4 dire flail "Orequtoy" {holy, rPois Str-4
                  | Dex+2}
 47119 | Slime:5  | Identified the +7 quarterstaff of Resourcefulness {protect,
                  | rF+ rN+ Str+5}
 48334 | Vaults:5 | Entered Level 5 of the Vaults
 48355 | Vaults:5 | Noticed an ancient lich
 48376 | Vaults:5 | Killed an ancient lich
 48386 | Vaults:5 | Reached XP level 25. HP: 205/263 MP: 24/24
 48411 | Vaults:5 | Noticed Bai Suzhen
 48418 | Vaults:5 | Killed Bai Suzhen
 48547 | Vaults:5 | Noticed an ancient lich
 48552 | Vaults:5 | Killed an ancient lich
 48722 | Vaults:5 | Identified the +7 scimitar "Castriagh" {antimagic, Drain
                  | rElec rF+ Will++}
 49076 | Vaults:5 | Identified the +1 ring mail "Fazxaes" {-Tele Fly rCorr
                  | SInv}
 49079 | Vaults:5 | Identified the +0 spear of Dawn {drain, rC++ Will+++ Str-3
                  | Dex-4}
 49362 | Vaults:5 | Identified the +3 ring mail of Defence {rF+}
 49364 | Vaults:5 | Got a silver rune of Zot
 49513 | Vaults:5 | Identified the staff "Ysiyren" {rF+ Str+3 Int+2 Dex+3 Fire}
 50152 | Zot:1    | Entered Level 1 of the Realm of Zot
 50218 | Zot:1    | You are sucked into a shaft and drop 1 floor!
 50431 | Zot:1    | Noticed Parghit
 50444 | Zot:1    | Killed Parghit
 51339 | Zot:2    | Noticed an orb of fire
 51344 | Zot:2    | Killed an orb of fire
 51636 | Zot:2    | Noticed Grunn
 51649 | Zot:2    | Killed Grunn
 51659 | Zot:2    | Reached skill level 1 in Earth Magic
 51996 | Zot:2    | Reached XP level 26. HP: 224/273 MP: 24/24
 52267 | Zot:3    | Noticed an orb of fire
 52272 | Zot:3    | Gained mutation: Your body sometimes deteriorates upon
                  | taking damage. [an orb of fire]
 52273 | Zot:3    | Killed an orb of fire
 52274 | Zot:3    | Reached skill level 5 in Earth Magic
 52349 | Zot:4    | Noticed an orb of fire
 52517 | Zot:4    | Found a runed translucent door.
 52519 | Zot:4    | Found a shimmering altar of Xom.
 52519 | Zot:4    | Identified the +3 halberd "Demonbane" {chaos, rElec}
 52519 | Zot:4    | Noticed Raoceuw's ghost (master NaVM)
 53125 | Zot:3    | Reached skill level 1 in Armour
 53640 | Tomb:3   | Identified the of Feikipne
 53640 | Geh:7    | Identified the of Josud
 53640 | Zig:1    | Entered Level 1 of a ziggurat
 53640 | Zig:1    | Noticed Duder the pandemonium lord
 53645 | Zig:1    | Killed Duder the pandemonium lord
 53664 | Zig:2    | Entered Level 2 of a ziggurat
 53684 | Zig:3    | Entered Level 3 of a ziggurat
 53704 | Zig:4    | Entered Level 4 of a ziggurat
 53716 | Zig:5    | Entered Level 5 of a ziggurat
 53739 | Zig:6    | Entered Level 6 of a ziggurat
 53773 | Zig:6    | Reached skill level 5 in Armour
 53773 | Zig:6    | Reached XP level 27. HP: 279/280 MP: 26/26
 53775 | Zig:7    | Entered Level 7 of a ziggurat
 53801 | Zig:8    | Entered Level 8 of a ziggurat
 53828 | Zig:8    | Identified the +5 halberd of the Gibberer {freeze, rF- MP+9
                  | Int+6 Stlth+}
 53831 | Zig:9    | Entered Level 9 of a ziggurat
 53835 | Zig:9    | Noticed a dread lich
 53836 | Zig:9    | Noticed a dread lich
 53849 | Zig:9    | Killed a dread lich
 53852 | Zig:9    | Killed a dread lich
 53872 | Zig:9    | Identified the staff of Wicked Watchfulness {Dex+5 Conj}
 54114 | Zot:5    | Entered Level 5 of the Realm of Zot
 54643 | Zot:5    | Noticed an orb of fire
 54650 | Zot:5    | Killed an orb of fire
 54728 | Zot:5    | Noticed an orb of fire
 54729 | Zot:5    | Gained mutation: You are weak. (Str -2) [mutagenic glow]
 54730 | Zot:5    | Noticed an orb of fire
 54731 | Zot:5    | Noticed an ancient lich
 54736 | Zot:5    | Killed an orb of fire
 54739 | Zot:5    | Gained mutation: You occasionally lose the ability to drink
                  | potions when taking damage. [mutagenic glow]
 54851 | Zot:5    | Gained mutation: You are dopey. (Int -2) [an orb of fire]
 54854 | Zot:5    | Killed an orb of fire
 54890 | Zot:5    | Killed an ancient lich
 54906 | Zot:5    | Reached skill level 10 in Armour
 54979 | Zot:5    | Got the Orb of Zot
 55163 | D:15     | Noticed Juibbihiv the pandemonium lord
 55183 | D:14     | Noticed Fiaray the pandemonium lord
 55183 | D:14     | Noticed an ancient lich
 55483 | D:1      | Lost mutation: Your body sometimes deteriorates upon taking
                  | damage. [potion of mutation]
 55483 | D:1      | Lost mutation: You are resistant to electric shocks.
                  | (rElec) [potion of mutation]
 55483 | D:1      | Gained mutation: Your skin changes colour to match your
                  | surroundings (Stealth+). [potion of mutation]
 55483 | D:1      | Gained mutation: You are agile. (Dex +4, Str/Int -1)
                  | [potion of mutation]
 55484 | D:1      | Lost mutation: Your skin changes colour to match your
                  | surroundings (Stealth+). [potion of mutation]
 55484 | D:1      | Lost mutation: You occasionally lose the ability to drink
                  | potions when taking damage. [potion of mutation]
 55484 | D:1      | Gained mutation: You occasionally lose the ability to drink
                  | potions when taking damage. [potion of mutation]
 55485 | D:1      | Lost mutation: You occasionally lose the ability to drink
                  | potions when taking damage. [potion of mutation]
 55485 | D:1      | Lost mutation: You are weak. (Str -2) [potion of mutation]
 55485 | D:1      | Gained mutation: Potions are less effective at restoring
                  | your health. [potion of mutation]
 55485 | D:1      | Gained mutation: Armour fits poorly on your strangely
                  | shaped body. [potion of mutation]
 55486 | D:1      | Lost mutation: You are agile. (Dex +4, Str/Int -1) [potion
                  | of mutation]
 55486 | D:1      | Lost mutation: Potions are less effective at restoring your
                  | health. [potion of mutation]
 55486 | D:1      | Lost mutation: Your magical capacity is low. (-10% MP)
                  | [potion of mutation]
 55486 | D:1      | Gained mutation: Your spells are a little harder to cast,
                  | but a little more powerful. [potion of mutation]
 55486 | D:1      | Gained mutation: You have hidden genetic defects. [potion
                  | of mutation]
 55487 | D:1      | Lost mutation: Armour fits poorly on your strangely shaped
                  | body. [potion of mutation]
 55487 | D:1      | Lost mutation: You have hidden genetic defects. [potion of
                  | mutation]
 55487 | D:1      | Lost mutation: You are dopey. (Int -2) [potion of mutation]
 55487 | D:1      | Gained mutation: You occasionally lose the ability to read
                  | scrolls when taking damage. [potion of mutation]
 55487 | D:1      | Gained mutation: You are robust. (+10% HP) [potion of
                  | mutation]
 55487 | D:1      | Gained mutation: You are partially covered in iridescent
                  | scales. (AC +2) [potion of mutation]
 55487 | D:1      | Gained mutation: Your muscles are strong. (Str +4, Int/Dex
                  | -1) [potion of mutation]
 55488 | D:1      | Lost mutation: Your muscles are strong. (Str +4, Int/Dex
                  | -1) [potion of mutation]
 55488 | D:1      | Lost mutation: Your spells are a little harder to cast, but
                  | a little more powerful. [potion of mutation]
 55488 | D:1      | Lost mutation: You occasionally lose the ability to read
                  | scrolls when taking damage. [potion of mutation]
 55488 | D:1      | Gained mutation: You are very robust. (+20% HP) [potion of
                  | mutation]
 55493 | D:$      | Escaped with the Orb!

Illustrated notes

Levels and vault maps discovered:
D:1:      onia_arrival_pentagram, layout_basic, minmay_statues_item,
          minmay_tromino_v4_c
D:2:      minmay_alternating_diamond, layout_basic,
          shapermc_ecumenical_altar_mp_ritualfount, basic_altar
D:3:      layout_loops_cross, general_overflow_altar
D:4:      layout_cave_pods, lemuel_zombie_altar_kikubaaqudgha,
          minmay_temple_entry_drinking_statues, uniq_eustachio
D:5:      layout_basic, serial_shops, nicolae_shop_rolled_up, st_stairs_14,
          guppyfry_early_lair_pool
D:6:      layout_basic
D:7:      layout_rooms, chequers_ossuary_entry_cave, hangedman_minor_gate_pass
D:8:      layout_basic, zin_angel, serial_shops, shop
D:9:      layout_loops_corners, nicolae_overflow_hidden_temple,
          david_orc_1_choice, minivault_20
D:10:     layout_irregular_city, hellmonk_lair_entry_icy, minmay_evil_grid,
          uniq_joseph
D:11:     layout_irregular_city, kennysheep_another_room,
          minmay_misc_feat_columns, trog_hazing_becter
D:12:     layout_long_grid, solitary_fountain, minivault_11, uniq_nessos
D:13:     kennysheep_ambush_hall, layout_long_grid, david_vaults_1,
          serial_shops, bzr_entry_dummy
D:14:     layout_grid_maze, infiniplex_staircase_split_hallway, uniq_rupert,
          uniq_agnes
D:15:     hangedman_spin_cycle, uniq_josephine
Temple:   jpeg_temple_clearing
Lair:1:   statuecave_lemuel, layout_hall_layers, serial_bayou_shore_b
Lair:2:   layout_cave_shapes, swamp_mist, beast_lair_carwin_11,
          lemuel_fruit_fields
Lair:3:   layout_roguey, spider_nest_entry_webs, grunt_forest_small_clearings,
          grunt_megastairs_5
Lair:4:   layout_roguey, enter_volcano_4, pdpol_lair_cavern_descent
Lair:5:   guppyfry_lair_end_dragon, layout_gridlike, hangedman_lair_in_review,
          slime_entry_1, basic_altar, hibernation_bobbens
Swamp:1:  nicolae_swamp_ascending_descending_big, layout_falls_marsh,
          evilmike_swamp_ruin_house_2, infiniplex_staircase_pool
Swamp:2:  nicolae_swamp_husk_halls, layout_basic_swamp,
          evilmike_swamp_ruin_house_1
Swamp:3:  layout_basic_swamp, nicolae_swamp_tree_designs
Swamp:4:  swamp_icy, layout_basic_swamp
Spider:1: layout_spider_delve, portal_ice_cave_entry_pillars_2, uniq_mlioglotl,
          uniq_frances, uniq_azrael, uniq_donald, uniq_nikola
Spider:2: layout_spider_delve, special_room [special_room_bee],
          guppyfry_spider_mini_1
Spider:3: layout_spider_delve, nicolae_spider_twisty_arc_passages
Spider:4: hellmonk_spider_rune_endless_swarm, uniq_arachne, uniq_mara,
          uniq_kirke
Slime:1:  layout_caves
Slime:2:  layout_caves, nicolae_slime_crime_time
Slime:3:  layout_caves
Slime:4:  layout_caves
Slime:5:  slime_pit_nicolae_block_by_block
Orc:1:    layout_caves
Orc:2:    grunt_orc_gardens, layout_caves, grunt_orc_garden, grunt_orc_garden,
          grunt_orc_garden, grunt_orc_garden, uniq_sonja
Elf:1:    minmay_elf_arrival_plus, layout_gridlike, minmay_elf_crystal_heptagon,
          due_unseen_surprise
Elf:2:    nicolae_elf_blades_crystal_corner, layout_rooms, serial_shops,
          nicolae_shop_rolling_square, nicolae_elf_archery_training
Elf:3:    minmay_elf_hall_statues, layout_loops_cross,
          nicolae_elf_free_trip_to_the_abyss
Vaults:1: gammafunk_ghost_wrathful_warriors,
          nicolae_vaults_taking_the_gang_shopping,
          nicolae_vaults_trapezoid_layered, v_pattern_4,
          nicolae_vaults_apartment_2, nicolae_vaults_alarming,
          vaults_room_ringed_pool, hangedman_vaults_capsules,
          nicolae_vaults_diagonal_hallway_8, nicolae_vaults_little_guard_posts,
          grunt_vaults_hallway_long, nicolae_vaults_circle_grid_b,
          ontoclasm_vaults_ligature, nicolae_vaults_little_squares_3, v_misc_18,
          nicolae_vaults_turnstiles, vaults_dpeg_emergency_exit,
          layout_vaults_omnicross, uniq_saint_roka
Vaults:2: minmay_crypt_entry_simple_corners, nicolae_vaults_network_periphery,
          nicolae_vaults_ellipses_ellipsis, v_misc_25,
          nicolae_vaults_tetromino_T_2, ontoclasm_vaults_idyll, v_alt_pattern_2,
          layout_vaults_omnigrid, uniq_zenata
Vaults:3: v_misc_15, ontoclasm_vaults_twist, hangedman_vaults_impose,
          nicolae_vaults_little_squares_6, ontoclasm_vaults_spin,
          v_alt_pattern_2, nicolae_vaults_house_1, nicolae_vaults_stepped_doors,
          nicolae_vaults_door_testing_chamber, nicolae_vaults_six-pack,
          layout_vaults_big_room
Vaults:4: nicolae_vaults_sesquioval_fish, hangedman_vaults_slither,
          nicolae_vaults_angled_halls, vaults_room_boxed,
          hangedman_vaults_restitches, nicolae_vaults_spaceships,
          nicolae_vaults_sesquioval_fish, vaults_dpeg_hooks, dpeg_vaults_waves,
          nicolae_vaults_tangram_1, vaults_dpeg_encased_lava,
          nicolae_vaults_trapezoid_lopsided_1, layout_vaults_ring, uniq_boris
Vaults:5: serial_shops, uniq_bai_suzhen
Crypt:1:  layout_gridlike, uniq_josephina
Crypt:2:  layout_gridlike, nicolae_fountain_basement
Crypt:3:  david_glass_crypt, layout_misc_corridors, uniq_margery, uniq_sojobo
Depths:1: layout_cave_shapes, enter_ziggurat_b,
          nicolae_wu_jian_immortal_techniques, abyss_entry, hell_entry,
          st_stairs_13, nicolae_diode_basic, nicolae_triple_integral,
          serial_bayou_shore_b
Depths:2: nzn_winding_woodlands_medium [nzn_winding_woodlands_5x5_closed_star,
          nzn_winding_woodlands_5x15_pathside_ponds,
          nzn_winding_woodlands_5x5_default, nzn_winding_woodlands_5x5_default,
          nzn_winding_woodlands_center_pierced_h,
          nzn_winding_woodlands_5x5_checkerboard,
          nzn_winding_woodlands_hourglass, nzn_winding_woodlands_5x15_parted,
          nzn_winding_woodlands_5x5_three], layout_basic,
          rand_demon_pan_entry_4, grunt_hell_entry_dis_mu, glass_columns_a,
          infiniplex_staircase_pool_2
Depths:3: minmay_the_grid_triangle_9x9_recursive_2
          [minmay_the_grid_triangle_9x9_prize_schism,
          minmay_the_grid_triangle_9x9_limited_checkers,
          minmay_the_grid_triangle_9x9_descending_squares,
          minmay_the_grid_triangle_9x9_minimal], layout_basic, abyss_entry,
          nicolae_lava_and_water, hell_entry,
          minmay_staircase_statues_hall_large, serial_bayou_shore_a
Depths:4: evilmike_zot_entry_argh, layout_cave_shapes, hellmouth_1,
          hangedman_abyss_or_decor_clamps
Zot:1:    evilmike_crystal_ball_defense, layout_misc_corridors, uniq_parghit
Zot:2:    layout_twisted_circle, st_stairs_5, uniq_grunn
Zot:3:    lemuel_firehouse, layout_onion_interference, bh_zot_levy_curve
Zot:4:    layout_misc_corridors, ebering_ghost_xom, nrook_zot_tub
Zot:5:    layout_gridlike

Skill      XL: |  1  2  3  4  5  6  7  8  9 10 11 12 13 14 15 16 17 18 19 20 21 22 23 24 25 26 27 |
---------------+----------------------------------------------------------------------------------+-----
Shields        | 3 4 5 6 7 9 10 11 12 13 14 15 16 17 | 17.7
Unarmed Combat | 3 4 5 6 8 10 11 13 14 16 17 18 20 22 23 25 27 | 27.0
Fighting       | 3 4 5 6 7 8 9 10 11 12 13 14 15 16 17 18 | 18.5
Dodging        | 4 5 6 7 8 9 |  9.9
Translocations | 2 5 |  5.5
Spellcasting   | 1 3 4 |  4.7
Shapeshifting  | 3 5 7 8 15 19 23 | 23.3
Earth Magic    | 1 6 |  6.6
Armour         | 5 10 | 10.2

Action                     |  1- 3 |  4- 6 |  7- 9 | 10-12 | 13-15 | 16-18 | 19-21 | 22-24 | 25-27 || total
---------------------------+-------+-------+-------+-------+-------+-------+-------+-------+-------++-------
  Melee: Unarmed           |    94 |   161 |   302 |   537 |  1063 |  1077 |  2074 |  2567 |  1800 ||  9675
  Throw: Stone             |    19 |       |       |       |     1 |       |       |       |       ||    20
         Large rock        |     1 |       |     1 |     1 |    14 |     5 |     6 |     1 |     5 ||    34
         Boomerang         |     6 |    38 |    73 |    63 |   116 |    29 |     3 |       |       ||   328
         Dart              |       |     1 |    13 |     6 |    44 |     7 |     1 |       |       ||    72
         Throwing net      |       |       |     2 |     3 |     3 |     7 |     1 |       |       ||    16
   Cast: Apportation       |       |       |       |       |       |     2 |     1 |     1 |     1 ||     5
         Lesser Beckoning  |       |       |       |       |       |       |     3 |       |     2 ||     5
         Passwall          |       |       |       |       |       |       |       |       |     1 ||     1
 Invoke: Serpent's Lash    |       |       |     2 |     8 |    19 |    15 |    31 |    22 |    28 ||   125
         Heavenly Storm    |       |       |       |       |       |       |     1 |     1 |     4 ||     6
Ability: Lunge             |       |     5 |    39 |    57 |   129 |    96 |   229 |   212 |   148 ||   915
         Whirlwind         |       |       |     4 |   122 |   461 |   443 |   836 |   981 |   809 ||  3656
         Wall Jump         |       |       |       |     5 |     9 |    25 |    45 |    47 |    17 ||   148
         Begin Untransform |       |       |       |       |     1 |       |     1 |       |     1 ||     3
         Evoke Blink       |       |       |       |       |       |     1 |       |       |       ||     1
  Evoke: Wand              |       |       |     2 |    15 |    17 |     9 |    34 |     8 |    11 ||    96
         Lightning rod     |       |       |       |       |    15 |     4 |     9 |     1 |       ||    29
         Box of beasts     |       |       |       |       |     3 |     1 |     2 |       |       ||     6
         Phial of floods   |       |       |       |       |       |     1 |     1 |     1 |     1 ||     4
         Phantom mirror    |       |       |       |       |       |       |     2 |       |     2 ||     4
         Tin of tremorston |       |       |       |       |       |       |       |     1 |       ||     1
    Use: Scroll            |       |     7 |    12 |    10 |    11 |     8 |     8 |     8 |    27 ||    91
         Potion            |       |     1 |     2 |     5 |    19 |    10 |     7 |    12 |    22 ||    78
   Stab: Sleeping          |       |     1 |       |       |       |     2 |     2 |     6 |     1 ||    12
         Invisible         |       |     2 |     1 |       |       |       |     8 |       |       ||    11
         Held in net/web   |       |       |       |       |     1 |     4 |       |       |       ||     5
         Confused          |       |       |       |       |     1 |       |       |       |       ||     1
         Distracted        |       |       |       |       |       |     1 |     3 |     2 |     6 ||    12
 Armour: Robe              |    34 |    57 |    96 |   206 |   171 |   327 |   676 |   743 |   413 ||  2723
         Troll leather arm |       |       |       |       |   216 |   100 |       |       |       ||   316
         Skin              |       |       |       |       |    24 |       |    39 |       |       ||    63
         Gold dragon scale |       |       |       |       |       |       |       |       |   146 ||   146
  Dodge: Dodged            |    35 |    58 |   113 |   173 |   334 |   336 |   379 |   380 |   331 ||  2139
  Block: Kite shield       |    18 |    55 |   100 |   163 |   354 |   411 |   573 |   525 |   294 ||  2493
         Tower shield      |       |       |       |       |       |       |       |       |   131 ||   131
   Form: Beast             |       |       |       |       |     1 |     1 |       |       |       ||     2
         Storm             |       |       |       |       |       |       |       |       |     1 ||     1

Table legend: (Time is in decaauts)
 A = Elapsed time spent in this place.
 B = Non-inter-level travel time spent in this place.
 C = Inter-level travel time spent in this place.
 D = Time resting spent in this place.
 E = Time spent auto-exploring this place.
 F = Levels seen in this place.
 G = Mean time per level.
                   A        B        C        D        E       F      G
               +--------+--------+--------+--------+--------+-----+--------+
         Total |  55354 |  49850 |   5504 |   3661 |  23811 |  69 |  802.2 |
       Dungeon |  15870 |  13950 |   1920 |    944 |   6332 |  15 | 1058.0 |
        Temple |     46 |      2 |     44 |      0 |      0 |   1 |   46.0 |
          Lair |   5791 |   4998 |    793 |    556 |   2103 |   5 | 1158.2 |
         Swamp |   2787 |   2648 |    139 |    264 |   1357 |   4 |  696.8 |
   Spider Nest |   4236 |   4104 |    132 |    335 |   2120 |   4 | 1059.0 |
    Slime Pits |   1871 |   1740 |    131 |    217 |    626 |   5 |  374.2 |
  Orcish Mines |   1483 |   1135 |    348 |     69 |    561 |   2 |  741.5 |
   Elven Halls |   3022 |   2843 |    179 |    181 |   1448 |   3 | 1007.3 |
        Vaults |   6735 |   5947 |    788 |    238 |   3279 |   5 | 1347.0 |
         Crypt |   2667 |   2422 |    245 |    104 |   1382 |   3 |  889.0 |
        Depths |   4645 |   4207 |    438 |    228 |   2727 |   4 | 1161.2 |
           Zot |   4432 |   4089 |    343 |    380 |   1749 |   5 |  886.4 |
      Ziggurat |    228 |    228 |      0 |      9 |      0 |   9 |   25.3 |
        Bazaar |     87 |     87 |      0 |      0 |      0 |   1 |   87.0 |
       Ossuary |    249 |    249 |      0 |      0 |      0 |   1 |  249.0 |
      Ice Cave |    873 |    873 |      0 |    134 |    127 |   1 |  873.0 |
       Volcano |    325 |    325 |      0 |      0 |      0 |   1 |  325.0 |
               +--------+--------+--------+--------+--------+-----+--------+

Top non-repeatable levels by time:
     D:9: 1577 daAuts
  Lair:5: 1572 daAuts
Spider:4: 1554 daAuts
    D:13: 1507 daAuts
Vaults:1: 1490 daAuts
Depths:2: 1463 daAuts
 Slime:5: 1445 daAuts
Vaults:5: 1441 daAuts
    D:15: 1428 daAuts
Vaults:3: 1398 daAuts
    D:14: 1319 daAuts
    D:10: 1303 daAuts
  Lair:3: 1262 daAuts
   Zot:2: 1217 daAuts
Vaults:4: 1212 daAuts
